[Event "Team 45 45 League T41"]
[Site "Internet Chess Club"]
[Date "2009.06.06"]
[Round "6"]
[White "chess9793"]
[Black "Razorbackchess"]
[Result "1/2-1/2"]
[WhiteElo "1866"]
[BlackElo "1761"]
[Opening "Sicilian: Taimanov (Bastrikov) variation"]
[ECO "B47"]
[Time "21:01:10"]
[TimeControl "2700+45"]

1. e4 c5 2. Nf3 e6 3. d4 cxd4 4. Nxd4 Nc6 5. Nc3 Qc7 6. Be2 Nf6 7. O-O a6 8. a3
Nxd4 9. Qxd4 Bd6 10. h3 Be5 11. Qd3 b5 12. Bd2 Bb7 13. Bf3 O-O 14. Rfe1 Rfd8 15.
g3 d5 16. exd5 Nxd5 17. Nxd5 Bxd5 18. c3 Bxg3 19. Bxd5 Bh2+ 20. Kh1 Rxd5 21. Qf3
Rad8 22. Be3 Rf5 23. Qg2 Bf4 24. Bxf4 Qxf4 25. Rad1 Re8 26. Re2 Qf3 27. Qxf3
Rxf3 28. Kg2 {Game drawn by mutual agreement} 1/2-1/2

[Event "Team 45 45 League T41"]
[Site "Internet Chess Club"]
[Date "2009.06.04"]
[Round "6"]
[White "Frankly"]
[Black "TIP"]
[Result "0-1"]
[WhiteElo "1638"]
[BlackElo "1701"]
[Opening "QGD: 4.Bg5"]
[ECO "D50"]
[Time "14:31:01"]
[TimeControl "2700+45"]

1. d4 e6 2. c4 d5 3. Nc3 Nf6 4. Bg5 Nc6 5. e3 Bb4 6. Qc2 h6 7. Bh4 O-O 8. Bd3
dxc4 9. Bxc4 a6 10. Ne2 b5 11. Bd3 Bb7 12. O-O Bxc3 13. bxc3 Nb8 14. Rfd1 Nbd7
15. e4 Qc8 16. e5 Nd5 17. Rab1 f5 18. c4 bxc4 19. Bxc4 N7b6 20. Bb3 f4 21. Qg6
f3 22. Nc3 fxg2 23. Ne4 Nf4 24. Qg4 Bxe4 25. Rb2 h5 26. Qg3 Nbd5 27. Re1 Nd3 28.
Rxe4 Nxb2 29. Re2 Nd3 30. Bxd5 Nf4 31. Bxe6+ Qxe6 32. Rc2 Rab8 {White resigns}
0-1

[Event "Team 45 45 League T41"]
[Site "Internet Chess Club"]
[Date "2009.06.07"]
[Round "6"]
[White "Zebbile"]
[Black "spunni"]
[Result "1-0"]
[WhiteElo "2044"]
[BlackElo "1882"]
[Opening "Queen's bishop game"]
[ECO "D02"]
[Time "10:00:08"]
[TimeControl "2700+45"]

1. Nf3 d5 2. d4 Nf6 3. Bf4 c5 4. e3 Nc6 5. c3 Qb6 6. Qb3 c4 7. Qc2 Bf5 8. Qc1 e6
9. Nbd2 Qd8 10. Nh4 Bg4 11. h3 Bh5 12. g4 Bg6 13. b3 cxb3 14. axb3 Be7 15. Nxg6
hxg6 16. Bg2 Bd6 17. Bxd6 Qxd6 18. g5 Nd7 19. Qa3 Ke7 20. Qxd6+ Kxd6 21. c4 Nb4
22. Ke2 e5 23. dxe5+ Nxe5 24. cxd5 Nxd5 25. Ne4+ Ke7 26. Ra5 Rhd8 27. Rd1 {Black
resigns} 1-0

[Event "Team 45 45 League T41"]
[Site "Internet Chess Club"]
[Date "2009.06.06"]
[Round "6"]
[White "AronT"]
[Black "pishd"]
[Result "1-0"]
[WhiteElo "1921"]
[BlackElo "1712"]
[Opening "Dutch defense, Rubinstein variation"]
[ECO "A40"]
[Time "08:13:03"]
[TimeControl "2700+45"]

1. d4 e6 2. c4 f5 3. Nc3 Nf6 4. Nf3 Bb4 5. Bf4 Bxc3+ 6. bxc3 d6 7. e3 Ne4 8. Qc2
g5 9. Bg3 h5 10. h4 Nxg3 11. fxg3 g4 12. Ng5 c6 13. Bd3 d5 14. O-O-O Qe7 15.
cxd5 cxd5 16. c4 Nc6 17. cxd5 exd5 18. Qb3 Be6 19. Rde1 Rc8 20. Kb1 O-O 21. Rhf1
Na5 22. Qa4 Nc4 23. Bxc4 Rxc4 24. Qa5 b6 25. Qd2 Bd7 26. Rc1 Rfc8 27. Rxc4 Rxc4
28. Rc1 Qb4+ 29. Qxb4 Rxb4+ 30. Ka1 Rc4 31. Rxc4 dxc4 32. e4 fxe4 33. Nxe4 Kg7
34. Kb2 Bc6 35. Nd6 Kf6 36. Nxc4 Bxg2 37. Ne3 Ke6 38. Nxg2 {Black resigns} 1-0

[Event "Team 45 45 League T41"]
[Site "Internet Chess Club"]
[Date "2009.06.07"]
[Round "6"]
[White "Bill-W"]
[Black "xt"]
[Result "1-0"]
[WhiteElo "1817"]
[BlackElo "1585"]
[Opening "Scotch gambit"]
[ECO "C44"]
[Time "13:22:01"]
[TimeControl "2700+45"]

1. e4 e5 2. Nf3 Nc6 3. d4 exd4 4. Bc4 Bb4+ 5. c3 dxc3 6. bxc3 Ba5 7. O-O d6 8.
Qb3 Qe7 9. Bg5 Nf6 10. Na3 Bb6 11. Bb5 Bd7 12. Nc4 Bc5 13. Rab1 a6 14. Bxc6 Bxc6
15. Rfe1 h6 16. Bh4 g5 17. Bg3 Nxe4 18. Na5 Bb6 19. Nxc6 bxc6 20. Qa4 Kd7 21.
Nd4 Bxd4 22. Qxd4 f5 23. f3 d5 24. Rb7 f4 25. Bf2 Qa3 26. fxe4 Qxa2 27. Qg7+ Kd6
28. Qxc7+ Ke6 29. exd5+ Kxd5 30. Qe5+ Kc4 31. Qd4# {Black checkmated} 1-0

[Event "Team 45 45 League T41"]
[Site "Internet Chess Club"]
[Date "2009.06.05"]
[Round "6"]
[White "Warpdrive"]
[Black "jacknor"]
[Result "1-0"]
[WhiteElo "1683"]
[BlackElo "1578"]
[Opening "Sicilian: dragon, classical, Amsterdam variation"]
[ECO "B72"]
[Time "19:01:59"]
[TimeControl "2700+45"]

1. e4 c5 2. Nf3 Nc6 3. d4 cxd4 4. Nxd4 Nf6 5. Nc3 g6 6. Be2 d6 7. Be3 Bg7 8. Qd2
Nxd4 9. Bxd4 O-O 10. Rd1 Bg4 11. Bxf6 Bxf6 12. Bxg4 Qa5 13. Nd5 Qxd2+ 14. Rxd2
Bxb2 15. Nxe7+ Kg7 16. Nd5 Rae8 17. Re2 Ba3 18. Kd1 Bc5 19. f4 b6 20. e5 dxe5
21. fxe5 Rd8 22. Bf3 Rfe8 23. Kc1 Ba3+ 24. Kb1 Rc8 25. Rd1 Rc5 26. Rd3 Rb5+ 27.
Rb3 Rxb3+ 28. axb3 Bc5 29. c4 Bd4 30. e6 fxe6 31. Nc7 {Black resigns} 1-0

[Event "Team 45 45 League T41"]
[Site "Internet Chess Club"]
[Date "2009.06.10"]
[Round "6"]
[White "Campagnolo"]
[Black "imgr8"]
[Result "1-0"]
[WhiteElo "2030"]
[BlackElo "1942"]
[Opening "English: symmetrical variation"]
[ECO "A33"]
[Time "20:08:41"]
[TimeControl "2700+45"]

1. Nf3 c5 2. c4 Nf6 3. d4 cxd4 4. Nxd4 Nc6 5. Nc3 e6 6. g3 Bb4 7. Bg2 O-O 8. O-O
Bxc3 9. bxc3 a6 10. Ba3 Qc7 11. Nxc6 bxc6 12. Bxf8 Kxf8 13. c5 Qa5 14. Qd6+ Kg8
15. Rab1 h6 16. Rb8 Rxb8 17. Qxb8 Qd8 18. Rb1 Kh8 19. Qa8 Ng8 20. Rb8 Ne7 21.
Be4 f5 22. Bd3 {Black resigns} 1-0

[Event "Team 45 45 League T41"]
[Site "Internet Chess Club"]
[Date "2009.06.05"]
[Round "6"]
[White "proudchess"]
[Black "nosalt"]
[Result "1/2-1/2"]
[WhiteElo "1949"]
[BlackElo "2019"]
[Opening "Sicilian: Pelikan, Chelyabinsk variation"]
[ECO "B33"]
[Time "12:01:52"]
[TimeControl "2700+45"]

1. e4 c5 2. Nf3 Nc6 3. d4 cxd4 4. Nxd4 Nf6 5. Nc3 e5 6. Ndb5 d6 7. Bg5 a6 8. Na3
b5 9. Nd5 Be7 10. Bxf6 Bxf6 11. c3 O-O 12. Nc2 Bg5 13. h4 Bh6 14. g4 f6 15. Nce3
Bxe3 16. Nxe3 Be6 17. Qd2 Ne7 18. O-O-O Bxa2 19. Qxd6 Qxd6 20. Rxd6 Rfd8 21.
Rxd8+ Rxd8 22. Kc2 Be6 23. Be2 Ng6 24. Ra1 Rd6 25. Nf5 Rb6 26. b4 Nf4 27. Bf1 g6
28. Ne3 Rc6 29. Rd1 Kf7 30. Rd8 h5 31. f3 g5 32. hxg5 fxg5 33. gxh5 Nxh5 34. Nd5
Nf4 35. Nxf4 {Game drawn by mutual agreement} 1/2-1/2

[Event "Team 45 45 League T41"]
[Site "Internet Chess Club"]
[Date "2009.06.06"]
[Round "6"]
[White "ivanson"]
[Black "snottgoblin"]
[Result "1/2-1/2"]
[WhiteElo "1869"]
[BlackElo "2003"]
[Opening "Sicilian: Alapin's variation (2.c3)"]
[ECO "B22"]
[Time "19:00:21"]
[TimeControl "2700+45"]

1. e4 c5 2. c3 d6 3. d4 cxd4 4. cxd4 a6 5. Nc3 g6 6. Nf3 Bg7 7. Bc4 Nf6 8. Bg5
Qa5 9. O-O Bg4 10. e5 dxe5 11. dxe5 Nfd7 12. Bxe7 Kxe7 13. Qd6+ Ke8 14. Bxf7+
Kxf7 15. e6+ Kg8 16. Qe7 Qf5 17. Qd8+ Bf8 18. e7 Bxf3 19. e8=Q Qg4 20. Qe6+ Qxe6
21. gxf3 Qf6 22. Qc8 Qxf3 23. Rfe1 Kg7 24. Ne4 Bb4 25. Qxb7 Bxe1 26. Rxe1 h5 27.
Qxa8 h4 28. Qa7 h3 29. Qd4+ Kh7 30. Ng5+ {Game drawn by mutual agreement}
1/2-1/2

[Event "Team 45 45 League T41"]
[Site "Internet Chess Club"]
[Date "2009.06.09"]
[Round "6"]
[White "irock"]
[Black "Budzo"]
[Result "0-1"]
[WhiteElo "1597"]
[BlackElo "1770"]
[Opening "French: exchange variation"]
[ECO "C01"]
[Time "19:00:06"]
[TimeControl "2700+45"]

1. e4 e6 2. d4 d5 3. exd5 exd5 4. Nf3 Bg4 5. c4 Nf6 6. Nc3 Nc6 7. Be3 Bb4 8. a3
Bxc3+ 9. bxc3 O-O 10. h3 Bh5 11. cxd5 Nxd5 12. c4 Nxe3 13. fxe3 Re8 14. Qd3 Bxf3
15. gxf3 Nxd4 16. Kf2 Nc6 17. Qc3 Qh4+ 18. Kg2 Rad8 19. Be2 Rd6 20. Rag1 Rg6+
21. Kf1 Rxg1+ 22. Kxg1 Qg3+ 23. Kf1 Re6 24. Rg1 Qxh3+ 25. Ke1 Rg6 26. Rxg6 fxg6
27. Qc2 Qf5 28. Qb3 Qa5+ 29. Kf2 Qb6 30. Qc2 Qc5 31. Qe4 Qe5 32. Qd3 Ne7 33. c5
Qxc5 34. Qb3+ Nd5 35. Bc4 c6 36. Bxd5+ Qxd5 37. Qxb7 Qd2+ 38. Kg3 Qxe3 39. Qxc6
h5 40. Qc8+ Kh7 41. Qa6 Qg5+ 42. Kf2 Qc5+ 43. Kg3 Qg1+ 44. Kf4 g5+ 45. Kf5 Qb6
46. Qxb6 axb6 47. Kxg5 g6 48. a4 Kg7 49. f4 Kf7 50. Kh4 Kf6 51. Kg3 Kf5 52. Kf3
h4 53. Ke3 h3 54. Kf3 h2 55. Kg2 Kxf4 56. Kxh2 Ke4 57. Kg3 Kd4 58. Kf4 Kc4 59.
Kg5 Kb4 60. Kxg6 Kxa4 61. Kf5 Kb3 62. Ke4 b5 63. Kd3 b4 64. Kd2 Kb2 65. Kd1 b3
66. Kd2 Ka2 67. Kc1 b2+ 68. Kc2 b1=Q+ 69. Kc3 Qe4 70. Kd2 Qf3 71. Kc1 Qg2 72.
Kd1 Kb3 73. Ke1 Kc3 74. Kd1 Qd2# {White checkmated} 0-1

[Event "Team 45 45 League T41"]
[Site "Internet Chess Club"]
[Date "2009.06.07"]
[Round "6"]
[White "JamesWu"]
[Black "Merciful"]
[Result "0-1"]
[WhiteElo "1929"]
[BlackElo "1900"]
[Opening "Caro-Kann: classical, 6.h4"]
[ECO "B18"]
[Time "09:14:21"]
[TimeControl "2700+45"]

1. e4 c6 2. d4 d5 3. Nd2 dxe4 4. Nxe4 Bf5 5. Ng3 Bg6 6. h4 h6 7. h5 Bh7 8. Nf3
Nd7 9. Bd3 Bxd3 10. Qxd3 e6 11. Bd2 Ngf6 12. Ne4 Be7 13. c4 O-O 14. O-O-O Ng4
15. Nh2 Nde5 16. Qe2 Qxd4 17. Bc3 Qxc4 18. Qxc4 Nxc4 19. Nxg4 f5 20. Ne5 Nxe5
21. Bxe5 fxe4 22. Rhe1 Rxf2 23. Rxe4 Bf6 24. g4 Rf8 25. Bxf6 R8xf6 26. Rd8+ Rf8
27. Rd6 Rg2 28. Rd2 Rxd2 29. Kxd2 Rd8+ 30. Ke3 Kf7 31. Rf4+ Ke7 32. Rf2 a6 33.
Ke4 Rd1 34. a4 c5 35. Rf3 Rd4+ 36. Ke5 Rxa4 {White resigns} 0-1

[Event "Team 45 45 League T41"]
[Site "Internet Chess Club"]
[Date "2009.06.09"]
[Round "6"]
[White "Hubris123"]
[Black "wizardbar"]
[Result "1-0"]
[WhiteElo "2030"]
[BlackElo "1781"]
[Opening "QGD Slav: Tolush-Geller gambit"]
[ECO "D15"]
[Time "16:00:12"]
[TimeControl "2700+45"]

1. d4 d5 2. c4 c6 3. Nf3 Nf6 4. Nc3 dxc4 5. e4 b5 6. e5 Nd5 7. a4 Nxc3 8. bxc3
Bf5 9. axb5 cxb5 10. Ng5 e6 11. g4 Qd5 12. Rg1 Be4 13. Be3 Bh1 14. f3 h6 15. Ne4
Bxf3 16. Qxf3 b4 17. Bg2 Nd7 18. Rf1 b3 19. Qxf7+ Kd8 20. Nc5 {Black resigns}
1-0

[Event "Team 45 45 League T41"]
[Site "Internet Chess Club"]
[Date "2009.06.05"]
[Round "6"]
[White "ConfusedDog589"]
[Black "upsan"]
[Result "0-1"]
[WhiteElo "2024"]
[BlackElo "1827"]
[Opening "Dutch defense"]
[ECO "A90"]
[Time "21:00:16"]
[TimeControl "2700+45"]

1. d4 e6 2. c4 f5 3. g3 Nf6 4. Bg2 c6 5. Nd2 d5 6. Nh3 Bd6 7. O-O O-O 8. Nf3 b6
9. Bf4 Bxf4 10. Nxf4 Qe7 11. Rc1 Bb7 12. Qc2 Ne4 13. Ne5 Nd7 14. Nfd3 Rac8 15.
Nxd7 Qxd7 16. Ne5 Qe7 17. Rfe1 Nf6 18. Qa4 Nd7 19. cxd5 Nxe5 20. dxc6 Nxc6 21.
Bxc6 f4 22. Qxa7 fxg3 23. hxg3 Qf6 24. Qxb7 Qxf2+ 25. Kh1 Qxg3 26. Bd7 Qh3+ 27.
Kg1 Qg4+ 28. Qg2 Qxd4+ 29. Kh1 Qxd7 30. Rcd1 Qc6 31. e4 Qc5 32. Qg4 Qe5 33. Rf1
Rxf1+ 34. Rxf1 Rc2 35. Qh4 h6 36. Re1 Rxb2 37. a4 Qc3 38. Rf1 Qd3 39. Kg1 Qe3+
40. Kh1 Qe2 41. Qh3 Qxe4+ 42. Kg1 Rb1 43. Rxb1 Qxb1+ 44. Kg2 Qe4+ 45. Kh2 Qf4+
46. Kg1 Qf5 47. Qb3 Qc5+ 48. Kh2 Qd6+ 49. Kh3 Kh7 50. Qc2+ g6 51. Qc8 Qa3+ 52.
Kg2 Qb2+ 53. Kh3 Qb3+ 54. Kh2 h5 55. Qf8 Qc2+ 56. Kh1 Qf5 57. Qb4 Qh3+ 58. Kg1
Qg4+ {White resigns} 0-1

[Event "Team 45 45 League T41"]
[Site "Internet Chess Club"]
[Date "2009.06.07"]
[Round "6"]
[White "cityprosecutor"]
[Black "Alexanderking"]
[Result "1-0"]
[WhiteElo "1781"]
[BlackElo "1416"]
[Opening "Scotch: Göring gambit"]
[ECO "C44"]
[Time "10:00:23"]
[TimeControl "2700+45"]

1. e4 e5 2. Nf3 Nc6 3. d4 exd4 4. c3 dxc3 5. Bc4 h6 6. Nxc3 Bb4 7. O-O d6 8. Qb3
Qf6 9. Nd5 Qd8 10. Nxb4 Nxb4 11. Qxb4 c5 12. Bb5+ Bd7 13. Bxd7+ Qxd7 14. Qc3 Nf6
15. e5 dxe5 16. Qxe5+ Qe6 17. Qxc5 b6 18. Qb5+ Qd7 19. Qe2+ Qe7 20. Re1 Qxe2 21.
Rxe2+ Kd7 22. Bf4 Rhe8 23. Ne5+ Kc8 24. Rc2+ Kb7 25. Nxf7 Nd5 26. Nd6+ Ka6 27.
Nxe8 Nxf4 28. Nc7+ Kb7 29. Nxa8 Kxa8 30. Rc7 a6 31. Re1 Kb8 32. Rxg7 Ne6 33.
Rxe6 Kc8 34. Re8# {Black checkmated} 1-0

[Event "Team 45 45 League T41"]
[Site "Internet Chess Club"]
[Date "2009.06.06"]
[Round "6"]
[White "Thersites"]
[Black "jack25"]
[Result "1-0"]
[WhiteElo "1711"]
[BlackElo "1889"]
[Opening "Dutch, 2.Bg5 variation"]
[ECO "A80"]
[Time "02:00:27"]
[TimeControl "2700+45"]

1. d4 f5 2. Bg5 h6 3. Bh4 g5 4. e4 Nf6 5. e5 Ng4 6. h3 gxh4 7. hxg4 Bg7 8. gxf5
O-O 9. Qg4 d6 10. e6 c6 {Black disconnected and forfeits} 1-0

[Event "Team 45 45 League T41"]
[Site "Internet Chess Club"]
[Date "2009.06.06"]
[Round "6"]
[White "isolani"]
[Black "Monsieur"]
[Result "0-1"]
[WhiteElo "1433"]
[BlackElo "1620"]
[Opening "Latvian counter-gambit"]
[ECO "C40"]
[Time "20:00:09"]
[TimeControl "2700+45"]

1. e4 e5 2. Nf3 f5 3. d3 d6 4. Be2 f4 5. d4 Nc6 6. dxe5 dxe5 7. Qxd8+ Kxd8 8.
Bd2 Bd6 9. Nc3 Nf6 10. O-O-O Ke7 11. h3 h6 12. Nd5+ Nxd5 13. exd5 Nd8 14. Nh4
Kf6 15. Bc3 g5 16. Nf3 Nf7 17. g3 Bf5 18. gxf4 gxf4 19. Nh4 Kg5 20. Nxf5 Kxf5
21. Bg4+ Kf6 22. f3 h5 23. Be6 Ng5 24. h4 Nxe6 25. dxe6 Kxe6 26. Rhg1 Rag8 27.
Kd2 Bc5 28. Rxg8 Rxg8 {White resigns} 0-1

[Event "Team 45 45 League T41"]
[Site "Internet Chess Club"]
[Date "2009.06.07"]
[Round "6"]
[White "Gwyddbwyll"]
[Black "budugu"]
[Result "1-0"]
[WhiteElo "1654"]
[BlackElo "1526"]
[Opening "Three knights: Schlechter variation"]
[ECO "C46"]
[Time "13:18:09"]
[TimeControl "2700+45"]

1. e4 e5 2. Nf3 Nc6 3. Nc3 Bb4 4. Nd5 Nf6 5. Nxb4 Nxb4 6. c3 Nc6 7. d4 exd4 8.
e5 Ng4 9. cxd4 d6 10. h3 Nh6 11. Bxh6 gxh6 12. Bb5 Bd7 13. exd6 cxd6 14. O-O Rg8
15. Kh1 Qf6 16. Re1+ Kf8 17. d5 Ne5 18. Bxd7 Nxd7 19. b3 Re8 20. Rxe8+ Kxe8 21.
Rc1 Nb6 22. Rc7 Qg7 23. Qe1+ {Black resigns} 1-0

[Event "Team 45 45 League T41"]
[Site "Internet Chess Club"]
[Date "2009.06.06"]
[Round "6"]
[White "fileman"]
[Black "CalyDeArgentina"]
[Result "0-1"]
[WhiteElo "1876"]
[BlackElo "1821"]
[Opening "French: Wing gambit"]
[ECO "C00"]
[Time "13:12:22"]
[TimeControl "2700+45"]

1. e4 e6 2. Nf3 d5 3. e5 c5 4. b4 cxb4 5. a3 Nc6 6. axb4 Bxb4 7. c3 Bf8 8. d4
Nge7 9. Bd3 h6 10. O-O g6 11. Bd2 Bg7 12. Na3 Bd7 13. Nb5 Nc8 14. h3 O-O 15. Na3
N8e7 16. Nc2 Na5 17. Ne3 Nf5 18. g4 Nxe3 19. Bxe3 Nc4 20. Bc1 Bc6 21. Nd2 Qh4
22. Kh2 a6 23. Nxc4 dxc4 24. Bxc4 Rad8 25. Qe1 Bf3 26. Be2 Bd5 27. f4 Qxe1 28.
Rxe1 Rc8 29. Bd2 f6 30. Kg3 fxe5 31. fxe5 Rc7 32. Rf1 Rcf7 33. Rxf7 Rxf7 34. Rf1
Rxf1 35. Bxf1 b5 36. Bd3 Kf7 37. h4 Bf8 38. Kf2 Bc4 39. Bxc4 bxc4 40. Ke2 Ke7
41. Kd1 Kd7 42. Kc2 Kc6 43. h5 g5 44. Kb2 Kd5 45. Kc2 Ke4 46. Bc1 Kf3 47. d5
exd5 48. Bxg5 Kxg4 49. Bf6 Kf5 50. Bh8 Be7 51. Kd2 Kg5 52. Ke3 a5 53. Kd4 a4 54.
Kxd5 a3 55. Kxc4 a2 56. Kd3 {White resigns} 0-1

[Event "Team 45 45 League T41"]
[Site "Internet Chess Club"]
[Date "2009.06.06"]
[Round "6"]
[White "IceBox"]
[Black "LoseOften"]
[Result "0-1"]
[WhiteElo "1751"]
[BlackElo "1903"]
[Opening "Dutch: Staunton gambit, Staunton's line"]
[ECO "A83"]
[Time "08:00:26"]
[TimeControl "2700+45"]

1. d4 f5 2. e4 fxe4 3. Nc3 Nf6 4. Bg5 Nc6 5. d5 Ne5 6. Qd4 Nf7 7. Bxf6 exf6 8.
Nxe4 Be7 9. O-O-O O-O 10. f4 d6 11. Bd3 c5 12. Qf2 Qa5 13. Nc3 Bd7 14. Qh4 Nh6
15. h3 b5 16. Re1 b4 17. Rxe7 bxc3 18. Rxd7 Qxa2 19. bxc3 Rab8 20. Qg3 Nf7 21.
Qh4 g6 22. Qxf6 Rb1+ 23. Kd2 Qxd5 24. c4 Qxg2+ 25. Ne2 Qxh1 26. Rxa7 Qe1+ 27.
Ke3 Re8+ 28. Re7 Rxe7+ 29. Qxe7 Qh1 30. h4 Qh3+ 31. Kd2 Rh1 32. Be4 Qxh4 33.
Qe8+ Kg7 34. Bd5 Qe1+ 35. Ke3 Rh3+ 36. Bf3 Qf1 37. Qe4 Qa1 38. Kd2 Qa5+ 39. Ke3
Qd8 40. Qe6 Rh4 41. Bd5 Qf6 42. Qd7 Rh5 43. Be4 Rh2 44. Qg4 Rh4 45. Qd7 h5 46.
Bd5 Rh2 47. Be4 Rxe2+ 48. Kxe2 Qxf4 49. Qb7 h4 50. Qb2+ Qe5 51. Qxe5+ Nxe5 52.
Bd5 Kf6 53. Kf2 g5 54. Kg2 g4 55. Bg8 Kg5 56. Be6 Kf4 57. Bd5 Nf3 58. Kh1 h3 59.
Be6 Ng5 60. Bd5 g3 61. c3 Nf3 {White resigns} 0-1

[Event "Team 45 45 League T41"]
[Site "Internet Chess Club"]
[Date "2009.06.04"]
[Round "6"]
[White "Steinwitz"]
[Black "alexcluster"]
[Result "0-1"]
[WhiteElo "1695"]
[BlackElo "1609"]
[Opening "Sicilian: Smith-Morra gambit"]
[ECO "B21"]
[Time "16:03:11"]
[TimeControl "2700+45"]

1. e4 c5 2. d4 cxd4 3. c3 dxc3 4. Nxc3 d6 5. Nf3 Nf6 6. Bc4 e6 7. O-O Be7 8. Qe2
O-O 9. Rd1 Ne8 10. Bf4 a6 11. Rac1 Bd7 12. b4 b5 13. Bb3 Nc6 14. a3 Rc8 15. Qd2
Qb6 16. Be3 Qb7 17. e5 Rd8 18. exd6 Nxd6 19. Bg5 Nf5 20. Bxe7 Nfxe7 21. Ne4 Bc8
22. Qg5 h6 23. Qf4 Ng6 24. Qe3 Rxd1+ 25. Rxd1 Nce7 26. Nc5 Nf5 27. Qd2 Qc7 28.
Bc2 Nge7 29. g4 Bb7 30. Nxb7 Qxb7 31. Qd3 Rc8 32. gxf5 Nxf5 33. Bb1 Qc6 34. Ne5
Qc3 35. Kg2 Qxe5 {White resigns} 0-1

[Event "Team 45 45 League T41"]
[Site "Internet Chess Club"]
[Date "2009.06.07"]
[Round "6"]
[White "egd01"]
[Black "predkoo"]
[Result "0-1"]
[WhiteElo "1530"]
[BlackElo "1669"]
[Opening "Ruy Lopez: closed defense"]
[ECO "C84"]
[Time "13:08:15"]
[TimeControl "2700+45"]

1. e4 e5 2. Nf3 Nc6 3. Bb5 a6 4. Ba4 Nf6 5. O-O Be7 6. c3 d6 7. Re1 O-O 8. d4 b5
9. Bc2 Bg4 10. Nbd2 exd4 11. cxd4 Nxd4 12. h3 Bh5 13. e5 dxe5 14. Rxe5 Nxf3+ 15.
gxf3 Re8 16. Qf1 Bd6 17. Rxe8+ Qxe8 18. Ne4 Bxf3 19. Nxf6+ gxf6 20. Bh6 Qe5
{White resigns} 0-1